Map: Asper Mountain

Players

neulaender

  • Race: Zerg Zerg

Baumdoktor

  • Race: Protoss Protoss

BennTenn

  • Race: Terran Terran

A.I. 3 (Elite)

  • Race: Zerg Zerg

A.I. 4 (Elite)

  • Race: Zerg Zerg

A.I. 5 (Elite)

  • Race: Zerg Zerg

VOD

Have the link to the VOD?

Description

Time

  • Played on: Oct. 13, 2016, 1:09 p.m.
  • Length: 10:58
Show
View Real Time Build Order
Export as new Build Order

neulaender Zerg 

Build Orders: Pool First 

Get SALT Encoding   

  12  0:01  Drone  
  13  0:13  Overlord  
  13  0:20  Drone  
  14  0:31  Drone x2  
  16  0:38  Drone  
  17  0:46  Drone  
  18  0:50  Extractor  
  18  0:54  Spawning Pool  
  16  1:16  Hatchery  
  15  1:28  Drone x3  
  18  1:40  Queen  
  18  1:45  Overlord  
  20  1:53  Drone  
  21  2:03  Drone  
  22  2:11  Metabolic Boost  
  22  2:23  Drone x2  
  22  2:27  Extractor  
  23  2:30  Queen  
  23  2:32  Overlord  
  25  2:39  Overlord  
  25  2:52  Drone x2  
  25  2:53  Drone x3  
  25  2:57  Drone  
  31  3:02  Lair  
  31  3:11  Drone x2  
  33  3:13  Drone  
  33  3:16  Zergling x2  
  35  3:25  Zergling x4  
  37  3:31  Roach Warren  
  36  3:35  Lair  
  36  3:37  Drone  
  37  3:48  Drone x2  
  39  3:49  Drone  
  39  3:52  Baneling Nest, Drone  
  40  3:57  Zergling x4  
  42  4:10  Evolution Chamber  
  42  4:16  Evolution Chamber  
  40  4:17  Glial Reconstitution  
  40  4:22  Burrow  
  40  4:35  Centrifical Hooks  
  40  4:37  Zergling x6  
  40  4:38  Zergling x12  
  49  4:43  Baneling x3  
  49  4:48  Baneling  
  49  5:01  Hatchery  
  48  5:07  Zergling x6  
  48  5:08  Zergling x2  
  48  5:10  Overlord  
  52  5:14  Zerg Missile Weapons Level 1  
  52  5:21  Extractor  
  51  5:22  Extractor  
  50  5:30  Drone x2  
  50  5:31  Drone  
  50  5:32  Drone x3  
  56  5:38  Zerg Ground Armor Level 1  
  55  5:46  Queen  
  57  5:56  Drone x2  
  59  5:57  Overlord  
  59  5:59  Overlord  
  59  6:06  Tunneling Claws  
  59  6:16  Drone  
  60  6:28  Queen  
  60  6:32  Roach  
  64  6:33  Roach x4  
  72  6:47  Roach x2  
  72  6:48  Roach x2  
  72  6:51  Drone  
  72  6:53  Overlord  
  81  7:14  Drone x2  
  83  7:17  Zerg Missile Weapons Level 2  
  83  7:19  Roach x3  
  83  7:21  Overlord x2  
  89  7:41  Roach x6  
  101  7:49  Extractor  
  100  8:02  Roach x3  
  106  8:16  Overlord x4  
  106  8:17  Overlord  
  106  8:24  Hatchery  
  105  8:29  Overlord  
  104  8:59  Roach  
  104  9:00  Roach x9  
  66  9:26  Roach  
  66  9:27  Roach x8  
  76  9:34  Overseer  
  76  9:35  Overseer x3  
  68  9:39  Zergling x4  
  64  9:49  Zergling x2, Roach  
  64  9:50  Roach x2  
  64  9:52  Zergling x2  
  72  9:54  Zergling x2  
  65  10:05  Roach x12  
  65  10:06  Roach  
  77  10:20  Zergling x8  
  76  10:28  Zergling x4  
  64  10:35  Roach  
  57  10:44  Spine Crawler  
Show
View Real Time Build Order
Export as new Build Order

Baumdoktor Protoss 

Build Orders:  

Get SALT Encoding   

  12  0:02  Probe (Chrono Boost)  
  13  0:13  Probe (Chrono Boost)  
  14  0:23  Probe (Chrono Boost)  
  14  0:28  Pylon  
  15  0:46  Gateway, Probe (Chrono Boost)  
  16  0:50  Assimilator  
  16  0:55  Assimilator  
  17  0:57  Probe (Chrono Boost)  
  17  1:07  Probe (Chrono Boost)  
  18  1:23  Probe (Chrono Boost)  
  19  1:33  Probe (Chrono Boost)  
  19  1:34  Cybernetics Core  
  19  1:37  Pylon  
  20  1:44  Probe (Chrono Boost)  
  21  1:52  Forge  
  21  1:55  Probe (Chrono Boost)  
  22  2:03  Zealot  
  22  2:06  Probe (Chrono Boost)  
  25  2:16  Probe (Chrono Boost)  
  26  2:30  Adept  
  26  2:34  Mothership Core (Chrono Boost), Robotics Facility  
  30  2:50  Photon Cannon  
  30  2:53  Probe (Chrono Boost)  
  30  2:56  Pylon  
  31  3:13  Warp Gate  
  31  3:14  Adept  
  33  3:20  Photon Cannon  
  33  3:26  Pylon  
  33  3:28  Warp Prism  
  35  3:36  Probe (Chrono Boost)  
  36  3:46  Probe (Chrono Boost)  
  37  3:59  Gateway  
  37  4:02  Probe (Chrono Boost)  
  38  4:05  Immortal  
  42  4:12  Probe (Chrono Boost)  
  43  4:24  Nexus  
  43  4:32  Pylon  
  43  4:38  Probe (Chrono Boost), Pylon  
  44  4:48  Probe (Chrono Boost)  
  44  4:51  Protoss Ground Weapons Level 1  
  46  5:00  Probe (Chrono Boost)  
  46  5:12  Probe (Chrono Boost)  
  47  5:40  Probe (Chrono Boost)  
  48  5:49  Immortal  
  52  5:50  Probe (Chrono Boost)  
  53  6:00  Probe (Chrono Boost)  
  53  6:01  Probe (Chrono Boost)  
  53  6:04  Stalker x2  
  60  6:11  Probe (Chrono Boost)  
  60  6:12  Probe (Chrono Boost)  
  61  6:22  Probe (Chrono Boost)  
  61  6:24  Probe (Chrono Boost)  
  63  6:30  Assimilator  
  63  6:32  Probe (Chrono Boost), Assimilator  
  64  6:36  Probe (Chrono Boost)  
  64  6:37  Assimilator  
  64  6:39  Assimilator  
  65  6:43  Probe (Chrono Boost), Pylon  
  65  6:46  Pylon  
  67  6:48  Probe (Chrono Boost)  
  67  6:49  Pylon  
  67  6:52  Pylon  
  67  6:53  Probe (Chrono Boost)  
  68  6:56  Pylon  
  68  7:03  Gateway  
  68  7:05  Gateway  
  68  7:07  Gateway  
  68  7:08  Gateway  
  68  7:09  Gateway  
  68  7:26  Twilight Council  
  68  7:27  Robotics Bay  
  68  7:47  Probe (Chrono Boost)  
  69  7:57  Probe (Chrono Boost)  
  70  8:08  Probe (Chrono Boost)  
  70  8:11  Stalker x4  
  70  8:12  Stalker  
  81  8:13  Stalker x2  
  81  8:18  Probe (Chrono Boost), Extended Thermal Lance  
  86  8:21  Charge  
  86  8:29  Probe (Chrono Boost)  
  86  8:33  Protoss Ground Weapons Level 2  
  87  9:04  Stalker  
  87  9:09  Templar Archives, Stalker  
  91  9:16  Stalker  
  93  9:20  Stalker  
  95  9:24  Zealot x3  
  101  9:44  Adept x4  
  101  9:45  Adept x2  
  59  10:24  Zealot x3  
  59  10:25  Zealot x4  
  79  10:45  Zealot  
  79  10:46  Zealot x5  
  79  10:47  Zealot  
Show
View Real Time Build Order
Export as new Build Order

BennTenn Terran 

Build Orders:  

Get SALT Encoding   

  12  0:03  SCV  
  13  0:15  SCV  
  14  0:21  Supply Depot  
  14  0:28  SCV  
  15  0:43  SCV  
  15  0:45  Barracks  
  16  0:54  Refinery  
  16  0:55  SCV  
  17  1:12  Refinery  
  17  1:33  Command Center  
  17  1:36  SCV  
  18  1:53  Barracks Reactor  
  18  1:57  Orbital Command  
  18  2:08  Supply Depot  
  18  2:25  SCV  
  18  2:29  Marine x2  
  21  2:38  Supply Depot  
  21  2:47  Marine x2  
  23  2:52  Factory  
  23  3:04  Marine  
  23  3:05  Marine  
  25  3:08  SCV  
  26  3:21  SCV  
  26  3:26  Marine x2  
  29  3:33  SCV  
  30  3:41  Armory  
  30  3:43  Factory Tech Lab  
  30  3:44  Marine x2  
  32  3:51  SCV  
  33  4:02  Marine x2  
  35  4:03  SCV  
  36  4:15  SCV x2  
  38  4:19  Marine  
  38  4:20  Marine  
  38  4:22  Siege Tank  
  43  4:31  Supply Depot  
  43  4:32  SCV  
  43  4:37  Marine x2  
  46  4:38  Orbital Command  
  46  4:42  Refinery  
  46  4:48  SCV  
  47  4:55  Marine x2  
  47  4:57  Thor  
  55  5:05  Supply Depot  
  56  5:07  SCV  
  56  5:08  SCV  
  56  5:13  Marine  
  58  5:22  SCV  
  58  5:23  SCV  
  58  5:25  Marine  
  60  5:31  Marine  
  60  5:34  SCV  
  62  5:36  SCV  
  63  5:43  Marine  
  63  5:45  Ghost Academy  
  63  5:46  SCV  
  63  5:47  Terran Ship Weapons Level 1  
  63  5:49  Marine  
  66  5:58  SCV x2  
  66  6:01  Marine  
  69  6:06  Marine  
  69  6:08  Bunker  
  70  6:22  Bunker  
  70  6:26  Supply Depot  
  70  6:27  Supply Depot  
  70  6:36  Supply Depot  
  70  6:47  Thor, Marine  
  70  6:48  SCV  
  78  6:59  Command Center  
  78  7:00  SCV x2  
  80  7:05  Marine  
  80  7:06  Marine  
  82  7:12  SCV  
  83  7:23  Marine x2  
  83  7:24  SCV  
  83  7:25  Personal Cloaking  
  83  7:26  Starport  
  86  7:30  Thor  
  86  7:36  SCV  
  93  7:41  Terran Vehicle And Ship Armor Level 1  
  93  7:48  SCV  
  92  8:00  SCV  
  93  8:10  Starport Tech Lab  
  93  8:12  SCV  
  93  8:13  Thor  
  93  8:17  Fusion Core  
  100  8:25  SCV  
  101  8:28  SCV  
  102  8:37  SCV  
  103  8:49  Starport, SCV  
  103  8:51  Nuke, Supply Depot  
  104  8:58  Supply Depot  
  104  9:01  SCV  
  64  9:13  SCV  
Show
View Real Time Build Order
Export as new Build Order

A.I. 3 (Elite) Zerg 

Build Orders: Pool First, Lurkers 

Get SALT Encoding   

  12  0:01  Drone  
  13  0:12  Overlord  
  13  0:16  Drone  
  14  0:30  Drone x2  
  14  0:34  Drone  
  17  0:48  Spawning Pool  
  17  0:49  Drone  
  17  1:14  Hatchery  
  17  1:15  Drone  
  17  1:18  Extractor  
  16  1:19  Extractor  
  16  1:22  Drone  
  16  1:27  Drone  
  16  1:31  Drone  
  18  1:38  Drone  
  19  1:49  Overlord  
  19  2:02  Queen  
  19  2:08  Zergling x2  
  22  2:14  Drone  
  23  2:29  Queen  
  25  2:36  Drone  
  26  2:41  Drone  
  27  2:46  Drone  
  27  2:50  Drone  
  29  3:02  Roach Warren  
  29  3:05  Drone  
  29  3:08  Drone  
  29  3:12  Zergling x2  
  31  3:15  Zergling x2  
  32  3:21  Overlord  
  32  3:24  Drone  
  32  3:27  Drone  
  34  3:43  Roach x3  
  34  3:45  Roach  
  42  3:50  Lair  
  42  3:55  Overlord  
  42  3:59  Overlord  
  42  4:02  Zergling x2  
  43  4:05  Zergling x2  
  44  4:13  Drone x2, Zergling x2  
  44  4:15  Drone  
  48  4:17  Drone  
  48  4:20  Drone  
  50  4:24  Overlord  
  50  4:28  Roach  
  50  4:31  Zergling x2  
  52  4:34  Roach  
  52  4:37  Roach  
  56  4:41  Roach  
  56  4:44  Overlord  
  58  4:49  Hydralisk Den  
  58  4:50  Drone  
  58  4:52  Drone  
  59  4:54  Drone  
  59  4:57  Roach  
  62  5:01  Roach  
  62  5:07  Drone  
  65  5:09  Drone  
  65  5:12  Overlord  
  66  5:15  Drone  
  66  5:17  Drone  
  66  5:19  Drone, Hydralisk  
  71  5:22  Hydralisk  
  71  5:26  Hydralisk  
  75  5:30  Hydralisk  
  75  5:33  Overlord  
  75  5:35  Drone  
  78  5:36  Drone  
  78  5:38  Drone  
  78  5:41  Drone  
  78  5:42  Drone  
  82  5:43  Drone  
  83  5:51  Drone  
  83  5:52  Drone, Overlord  
  83  5:53  Drone  
  86  5:58  Hydralisk  
  86  5:59  Hydralisk  
  90  6:06  Metabolic Boost  
  90  6:10  Evolution Chamber  
  89  6:13  Hatchery  
  88  6:20  Drone  
  88  6:22  Overlord  
  89  6:30  Ravager  
  89  6:31  Ravager  
  91  6:34  Evolution Chamber, Lurker Den  
  91  6:36  Zerg Melee Weapons Level 1  
  91  6:39  Drone  
  91  6:45  Evolution Chamber  
  91  6:46  Drone  
  91  6:49  Roach  
  91  6:53  Overlord, Roach, Extractor  
  94  6:59  Zerg Missile Weapons Level 1  
  94  7:02  Extractor, Hydralisk  
  94  7:03  Drone  
  96  7:10  Zerg Ground Armor Level 1  
  96  7:11  Overseer  
  96  7:15  Spine Crawler  
  96  7:16  Drone x2  
  96  7:17  Drone  
  96  7:18  Drone, Spine Crawler  
  96  7:19  Hydralisk  
  96  7:20  Drone  
  101  7:25  Drone  
  101  7:26  Drone x2  
  101  7:27  Drone x2  
  101  7:28  Drone, Overlord  
  101  7:29  Drone  
  109  7:30  Drone  
  109  7:32  Drone  
  109  7:34  Drone  
  109  7:36  Drone  
  112  7:37  Drone  
  112  7:39  Drone  
  112  7:41  Drone  
  112  7:42  Drone  
  116  7:46  Baneling Nest  
  116  7:48  Overlord  
  116  7:50  Drone  
  116  7:51  Drone  
  117  7:52  Drone  
  117  7:53  Drone  
  117  7:55  Drone  
  117  7:56  Drone  
  117  7:57  Drone  
  117  7:58  Drone  
  123  7:59  Drone  
  123  8:05  Roach x2  
  128  8:07  Overlord  
  128  8:14  Muscular Augments  
  128  8:15  Lurker, Roach  
  128  8:16  Lurker, Roach  
  128  8:18  Roach, Glial Reconstitution  
  136  8:21  Hydralisk  
  136  8:25  Hydralisk  
  136  8:26  Overlord  
  140  8:27  Extractor  
  140  8:29  Drone  
  140  8:31  Baneling  
  140  8:32  Spore Crawler  
  140  8:33  Drone, Hatchery  
  140  8:34  Baneling, Drone  
  139  8:35  Zergling x2  
  139  8:37  Zergling x2  
  142  8:45  Overlord  
  141  8:52  Spore Crawler, Drone  
  141  8:53  Drone x2  
  141  8:54  Extractor  
  141  8:55  Zergling x2  
  143  8:57  Drone  
  143  8:58  Zergling x2  
  143  8:59  Zergling x2  
  143  9:00  Zergling x2  
  147  9:03  Queen  
  147  9:04  Overlord  
  149  9:13  Baneling x2  
  149  9:14  Roach  
  149  9:15  Roach  
  149  9:16  Roach  
  155  9:17  Roach  
  155  9:19  Drone  
  155  9:20  Roach, Hydralisk  
  155  9:22  Hydralisk  
  156  9:25  Overlord  
  156  9:26  Baneling x2  
  154  9:32  Zergling x2  
  154  9:33  Zergling x2  
  154  9:34  Zergling x4  
  154  9:35  Zergling x2  
  154  9:37  Zergling x2  
  154  9:38  Zergling x2  
  156  9:39  Hydralisk  
  156  9:41  Spine Crawler  
  156  9:44  Hydralisk  
  147  9:46  Drone, Spine Crawler  
  147  9:48  Drone  
  147  9:51  Queen  
  147  9:52  Baneling  
  150  9:58  Roach  
  152  10:11  Extractor  
  152  10:13  Drone  
  151  10:18  Lurker  
  151  10:20  Hydralisk  
  153  10:23  Lurker  
  153  10:24  Hydralisk  
  156  10:31  Extractor  
  156  10:32  Roach  
  156  10:33  Drone x2, Hatchery  
  157  10:37  Overseer, Spine Crawler  
  157  10:39  Drone  
  157  10:42  Spore Crawler  
  155  10:43  Overseer  
  155  10:44  Drone  
  155  10:46  Drone, Spine Crawler  
  158  10:51  Lurker  
  158  10:52  Spore Crawler  
  158  10:56  Spore Crawler  
Show
View Real Time Build Order
Export as new Build Order

A.I. 4 (Elite) Zerg 

Build Orders: Pool First 

Get SALT Encoding   

  12  0:01  Drone  
  13  0:12  Overlord  
  13  0:17  Drone  
  14  0:30  Drone x2  
  14  0:34  Drone  
  17  0:48  Drone, Spawning Pool  
  17  1:09  Hatchery  
  16  1:12  Drone  
  16  1:16  Extractor  
  17  1:18  Drone  
  17  1:22  Extractor  
  17  1:24  Drone  
  17  1:28  Drone  
  18  1:38  Drone  
  19  1:48  Overlord  
  19  1:54  Queen  
  19  2:00  Zergling x2  
  22  2:10  Drone  
  23  2:21  Queen  
  25  2:28  Drone  
  26  2:34  Drone  
  27  2:39  Drone  
  28  2:44  Drone  
  29  2:58  Roach Warren  
  28  2:59  Drone  
  28  3:02  Drone  
  28  3:05  Zergling x2  
  31  3:08  Zergling x2  
  32  3:14  Zergling x2  
  32  3:17  Overlord  
  32  3:20  Drone  
  32  3:23  Drone  
  34  3:38  Roach  
  34  3:39  Roach  
  34  3:40  Roach x2  
  42  3:48  Lair  
  42  3:53  Overlord  
  42  3:58  Overlord  
  42  4:03  Zergling x2  
  43  4:11  Drone, Zergling x4  
  43  4:12  Drone  
  43  4:15  Drone  
  48  4:17  Drone  
  48  4:19  Drone  
  48  4:24  Roach  
  52  4:27  Roach  
  54  4:31  Overlord  
  54  4:39  Drone  
  54  4:41  Drone  
  54  4:43  Drone  
  58  4:45  Drone  
  58  4:48  Infestation Pit, Drone  
  58  4:51  Overlord  
  58  4:55  Overlord  
  58  4:58  Roach  
  60  5:01  Roach  
  60  5:06  Hydralisk Den  
  61  5:10  Drone  
  61  5:12  Drone  
  63  5:14  Drone  
  63  5:16  Drone  
  63  5:18  Drone  
  63  5:20  Drone  
  67  5:21  Drone  
  67  5:23  Drone  
  67  5:25  Drone  
  67  5:26  Drone  
  71  5:29  Drone  
  71  5:31  Drone  
  71  5:34  Overlord  
  73  5:35  Drone  
  73  5:37  Hydralisk  
  73  5:38  Hydralisk  
  73  5:42  Infestor  
  78  5:48  Roach  
  82  5:51  Roach  
  82  5:52  Infestor  
  82  5:53  Overlord  
  86  6:01  Metabolic Boost  
  86  6:05  Evolution Chamber  
  86  6:10  Hatchery  
  84  6:13  Evolution Chamber  
  84  6:15  Drone  
  84  6:16  Drone  
  85  6:26  Evolution Chamber  
  85  6:29  Ravager  
  85  6:30  Extractor  
  85  6:31  Zerg Melee Weapons Level 1  
  85  6:32  Drone  
  85  6:34  Roach, Extractor  
  85  6:35  Drone  
  85  6:39  Zerg Ground Armor Level 1  
  87  6:48  Ravager  
  87  6:51  Zerg Missile Weapons Level 1  
  87  6:52  Roach, Overlord  
  87  6:53  Drone x2  
  92  6:57  Drone  
  92  6:58  Drone x2  
  92  6:59  Hydralisk  
  97  7:04  Hydralisk  
  99  7:10  Spine Crawler  
  99  7:11  Overlord  
  99  7:12  Drone  
  99  7:17  Overseer  
  99  7:19  Spine Crawler  
  99  7:21  Drone  
  99  7:23  Drone x2  
  99  7:24  Drone x2, Infestor  
  99  7:25  Drone  
  99  7:26  Drone x2  
  99  7:27  Drone  
  99  7:28  Extractor  
  99  7:29  Drone  
  109  7:31  Baneling Nest  
  109  7:32  Overlord  
  109  7:33  Drone  
  109  7:40  Drone  
  109  7:41  Drone x2  
  109  7:42  Drone  
  109  7:43  Drone  
  114  7:44  Drone  
  114  7:47  Infestor  
  114  7:48  Drone x2  
  119  7:51  Overlord  
  119  7:54  Drone  
  119  7:55  Drone  
  121  8:02  Drone  
  121  8:05  Drone  
  123  8:06  Drone  
  123  8:09  Pathogen Glands  
  123  8:11  Extractor  
  123  8:13  Roach, Overlord  
  123  8:14  Drone, Roach  
  123  8:15  Hatchery  
  123  8:16  Baneling, Roach  
  123  8:17  Drone  
  123  8:19  Drone, Zergling x2  
  132  8:21  Baneling  
  132  8:22  Baneling, Zergling x2  
  132  8:23  Baneling x2  
  132  8:25  Zergling x2  
  132  8:26  Baneling  
  134  8:27  Baneling x2, Zergling x2  
  134  8:28  Baneling x2, Zergling x2  
  134  8:29  Baneling  
  134  8:32  Baneling  
  136  8:36  Overlord  
  136  8:37  Drone  
  136  8:39  Drone  
  138  8:45  Roach  
  138  8:46  Zergling x2  
  138  8:47  Roach  
  138  8:48  Baneling, Zergling x2  
  143  8:49  Centrifical Hooks, Baneling  
  143  8:54  Zergling x2, Overlord  
  143  8:55  Zergling x2  
  143  8:56  Zergling x2  
  143  8:57  Zergling x2  
  143  8:58  Baneling, Zergling x2  
  143  8:59  Baneling  
  143  9:01  Zergling x2  
  127  9:03  Zergling x2  
  127  9:05  Baneling  
  127  9:06  Baneling  
  127  9:07  Baneling  
  127  9:09  Overseer  
  121  9:10  Roach  
  121  9:12  Roach  
  121  9:15  Roach  
  123  9:17  Baneling, Roach  
  123  9:18  Baneling, Roach  
  123  9:19  Baneling  
  123  9:20  Roach x2  
  123  9:22  Hydralisk  
  133  9:25  Hydralisk  
  131  9:33  Zergling x2  
  131  9:34  Zergling x2  
  131  9:35  Zergling x2  
  131  9:37  Zergling x2  
  131  9:38  Zergling x2, Hydralisk  
  128  9:42  Ravager  
  128  9:43  Roach  
  128  9:44  Infestor  
  128  9:45  Extractor  
  132  9:46  Drone  
  132  9:48  Extractor  
  132  9:49  Drone  
  132  9:50  Roach  
  132  9:52  Roach  
  135  9:56  Roach  
  135  9:57  Roach  
  135  9:58  Roach  
  135  9:59  Roach  
  140  10:02  Hydralisk  
  140  10:06  Infestor  
  138  10:11  Spore Crawler  
  138  10:13  Drone  
  137  10:15  Spore Crawler  
  137  10:17  Drone  
  137  10:20  Queen, Spore Crawler  
  137  10:22  Drone  
  137  10:24  Spine Crawler  
  137  10:26  Drone  
  140  10:30  Spine Crawler  
  140  10:31  Drone  
  140  10:32  Overlord, Roach  
  140  10:33  Roach  
  148  10:57  Ravager  
Show
View Real Time Build Order
Export as new Build Order

A.I. 5 (Elite) Zerg 

Build Orders: Pool First, Lurkers 

Get SALT Encoding   

  12  0:01  Drone  
  13  0:12  Overlord  
  13  0:17  Drone  
  14  0:30  Drone x2  
  14  0:34  Drone  
  17  0:51  Drone, Spawning Pool  
  17  1:13  Hatchery  
  17  1:17  Drone  
  17  1:19  Extractor  
  17  1:23  Drone  
  17  1:27  Extractor  
  17  1:29  Drone  
  17  1:33  Drone  
  17  1:39  Drone  
  19  1:49  Overlord  
  19  2:01  Queen  
  19  2:08  Zergling x2  
  22  2:13  Drone  
  23  2:28  Queen  
  25  2:37  Drone  
  25  2:42  Drone  
  27  2:45  Drone  
  27  2:49  Drone  
  29  3:04  Roach Warren  
  28  3:06  Drone  
  28  3:09  Drone  
  28  3:12  Zergling x2  
  31  3:15  Zergling x2  
  32  3:21  Overlord  
  32  3:25  Drone  
  33  3:28  Drone  
  34  3:44  Roach x2  
  34  3:46  Roach x2  
  42  3:51  Lair  
  42  3:57  Overlord  
  42  4:02  Overlord  
  42  4:05  Zergling x2  
  42  4:08  Zergling x2  
  44  4:15  Drone x2, Zergling x2  
  47  4:18  Drone  
  47  4:20  Drone  
  47  4:23  Drone  
  50  4:28  Overlord  
  52  4:31  Roach  
  52  4:35  Roach  
  54  4:39  Roach  
  54  4:42  Roach  
  58  4:46  Overlord  
  58  4:52  Hydralisk Den  
  57  4:53  Drone  
  57  4:55  Drone  
  57  4:57  Drone  
  60  5:00  Roach  
  62  5:07  Drone  
  62  5:09  Drone  
  62  5:11  Drone  
  62  5:13  Drone  
  66  5:17  Overlord  
  66  5:19  Drone  
  68  5:21  Drone  
  68  5:22  Hydralisk  
  68  5:24  Hydralisk  
  68  5:28  Hydralisk  
  72  5:32  Hydralisk  
  76  5:36  Overlord  
  76  5:37  Drone  
  76  5:39  Drone  
  76  5:40  Drone  
  79  5:43  Drone  
  79  5:44  Drone  
  79  5:46  Drone  
  79  5:48  Drone  
  83  5:51  Drone  
  83  5:53  Hydralisk  
  86  5:58  Overlord, Hydralisk  
  88  6:08  Metabolic Boost  
  88  6:11  Evolution Chamber  
  87  6:19  Ravager x2  
  87  6:22  Overlord, Evolution Chamber  
  90  6:25  Roach  
  90  6:31  Evolution Chamber, Lurker Den  
  89  6:36  Zerg Missile Weapons Level 1  
  89  6:38  Hatchery  
  88  6:44  Drone  
  89  6:47  Zerg Melee Weapons Level 1  
  89  6:53  Drone, Extractor  
  89  6:55  Extractor  
  89  6:56  Drone  
  89  6:57  Roach, Zerg Ground Armor Level 1  
  89  7:01  Roach  
  93  7:13  Overseer, Spine Crawler  
  93  7:15  Drone x2  
  94  7:16  Drone, Overlord  
  94  7:17  Drone x3, Spine Crawler  
  94  7:18  Drone x2  
  94  7:19  Hydralisk  
  101  7:23  Hydralisk  
  101  7:28  Baneling Nest  
  102  7:30  Drone  
  102  7:34  Overlord  
  103  7:51  Drone  
  103  7:52  Drone x2  
  103  7:53  Drone x2  
  103  7:54  Drone  
  103  7:55  Drone x2  
  103  7:56  Drone x2  
  103  7:57  Drone  
  103  7:58  Muscular Augments  
  113  7:59  Lurker, Drone  
  113  8:02  Overlord  
  113  8:04  Drone  
  116  8:06  Drone  
  116  8:08  Drone  
  116  8:10  Drone  
  116  8:12  Drone  
  120  8:14  Baneling, Drone  
  120  8:17  Drone  
  122  8:22  Overlord  
  122  8:27  Zergling x2  
  123  8:28  Baneling x3, Zergling x4  
  123  8:29  Baneling x2  
  123  8:30  Baneling x3, Zergling x2  
  123  8:31  Baneling, Zergling x2  
  123  8:32  Zergling x2  
  123  8:33  Baneling  
  128  8:35  Roach  
  130  8:42  Hatchery  
  130  8:45  Overlord  
  129  8:49  Roach  
  129  8:50  Roach  
  129  8:52  Roach  
  129  8:54  Roach  
  129  8:55  Zergling x2  
  138  8:57  Zergling x2  
  138  8:58  Zergling x2  
  138  9:01  Zergling x2  
  141  9:05  Overlord  
  141  9:06  Hydralisk  
  142  9:14  Roach  
  143  9:17  Roach  
  143  9:19  Roach  
  143  9:20  Baneling  
  143  9:23  Baneling x3  
  143  9:24  Centrifical Hooks, Overlord, Extractor  
  144  9:29  Extractor  
  143  9:31  Drone  
  143  9:34  Zergling x4  
  143  9:35  Zergling x2  
  143  9:36  Zergling x2  
  146  9:38  Zergling x2  
  146  9:42  Zergling x2  
  146  9:44  Spore Crawler  
  146  9:45  Zergling x2  
  139  9:46  Lurker  
  139  9:47  Spore Crawler, Drone, Hydralisk  
  139  9:48  Drone, Hydralisk  
  141  9:52  Drone  
  141  9:54  Drone  
  141  9:56  Drone  
  141  9:57  Drone  
  141  9:58  Drone  
  141  9:59  Drone  
  145  10:00  Drone  
  146  10:07  Extractor  
  146  10:08  Drone  
  146  10:09  Spine Crawler  
  146  10:11  Drone  
  146  10:13  Queen  
  146  10:14  Spine Crawler  
  147  10:15  Drone, Extractor  
  147  10:17  Drone  
  147  10:18  Queen  
  150  10:27  Lurker, Hydralisk  
  153  10:32  Roach  
  151  10:36  Lurker  
  154  10:49  Hatchery  
Tags
 
Add a new tag
Caveats
  • Supply blocks, unpowered buildings, or Contaminate may cause inaccurate times.
  • Supply counts are checked every 10 seconds.